 Dungeon Crawl Stone Soup version 0.20-a0-2-g2b0e13a (webtiles) character file.

1787 Leibowitz the Poker (level 8, 0/100 HPs)
             Began as a Demigod Gladiator on Oct 28, 2016.
             Slain by a slime creature (12 damage)
             ... on level 6 of the Dungeon.
             The game lasted 00:15:11 (6581 turns).

Leibowitz the Poker (Demigod Gladiator)             Turns: 6581, Time: 00:15:11

Health: 0/100      AC: 16    Str: 18    XL:     8   Next: 52%
Magic:  10/10      EV:  2    Int: 12    God:
Gold:   270        SH:  0    Dex: 20    Spells: 0 memorised, 7 levels left

rFire  . . .     SeeInvis .     a - +1 trident
rCold  . . .     Gourm    .     (armour currently unavailable)
rNeg   + + +     Faith    .     (no shield)
rPois  +         Spirit   .     (helmet currently unavailable)
rElec  .         Reflect  .     (cloak currently unavailable)
rCorr  .         Harm     .     (gloves currently unavailable)
MR     .....     NoTele   +     (boots currently unavailable)
Stlth  ++........               (no amulet)
                                (no ring)
                                (no ring)

@: tree-form (expiring), corroded
A: high mp 1
a: no special abilities


You were on level 6 of the Dungeon.
You were not hungry.
You were a tree.
You visited 1 branch of the dungeon, and saw 6 of its levels.

You collected 270 gold pieces.

Inventory:

Hand Weapons
 a - a +1 trident (weapon)
Missiles
 d - a throwing net (quivered)
Armour
 c - a +0 helmet (melded)
 j - a +0 ring mail (melded)
 p - a +0 cloak (melded)
 B - a +1 pair of gloves (melded)
Jewellery
 t - an uncursed amulet of harm
Scrolls
 b - 11 scrolls of identify
 h - 2 scrolls of remove curse
 i - 2 scrolls of teleportation
Potions
 k - a potion of cure mutation
 n - 2 potions of ambrosia
 o - a potion of magic
 u - a potion of brilliance
 v - a potion of berserk rage
Books
 A - a book of Conjurations

   Spells                             Type                      Level
   a - Magic Dart                     Conjuration                  1
   b - Searing Ray                    Conjuration                  2
   c - Dazzling Spray                 Conjuration/Hexes            3
   d - Fulminant Prism                Conjuration/Hexes            4
   e - Iskenderun's Mystic Blast      Conjuration                  4
   f - Iskenderun's Battlesphere      Conjuration/Charms           5
Comestibles
 f - 4 bread rations
 g - 5 beef jerkies
 l - 3 chunks of flesh
 m - 3 fruits
 r - 4 meat rations


   Skills:
 + Level 4.5 Fighting
 + Level 7.8 Polearms
 + Level 2.1 Throwing
 + Level 3.9 Armour
 + Level 4.1 Dodging
 + Level 2.5 Stealth


You had 7 spell levels left.
You didn't know any spells.

Dungeon Overview and Level Annotations

Branches:
Dungeon (6/15)
 Temple: D:4-7


Innate Abilities, Weirdness & Mutations

You have an increased reservoir of magic. (+10% MP)


Message History

The slime creature is moderately wounded.
The slime creature hits you.
* * * LOW HITPOINT WARNING * * *
You hit the slime creature but do no damage.
The slime creature is moderately wounded.
The ooze jiggles.
The slime creature hits you.
* * * LOW HITPOINT WARNING * * *
You hit the slime creature but do no damage.
The slime creature is moderately wounded.
The slime creature hits you but does no damage.
Unknown command.
You hit the slime creature.
The slime creature is moderately wounded.
The slime creature hits you!
* * * LOW HITPOINT WARNING * * *
You hit the slime creature.
The slime creature is moderately wounded.
The slime creature hits you!
You die...

#....#.#
#............
#.####.#
#.........#.#
#######.####.#
#....###.##.#
.............#
#.#### #.##.#
#######.###### #.#
#.##.# #.# ####
#.##.# #.####
##J..## #.##.#
#######....##JJJJ..J
#.##.#
........##.♣JJJJJ..J
#.#
#############JJJJ..J
#.# ##J..## #.. ###
##. #. #. #. #. #.


You could see a slime creature, 5 jellies and 9 oozes.

Vanquished Creatures
  The ghost of reaperXD the Chopper, an amateur MiMo (D:3)
  A water moccasin (D:5)
  An ice beast (D:5)
  2 ogres (D:5)
  2 phantoms (D:4)
  The ghost of Zigma the Ruffian, an amateur DrTm (D:4)
  2 centaurs (D:5)
  2 bullfrogs (D:6)
  A jelly (D:6)
  2 crimson imps (D:5)
  A hound (D:5)
  Crazy Yiuf (D:2)
  A bullfrog zombie (D:5)
  An orc priest (D:4)
  2 orc wizards
  A bullfrog skeleton (D:4)
  2 iguanas
  Terence (D:1)
  3 worker ants
  A hound zombie (D:5)
  A howler monkey zombie (D:4)
  9 adders
  2 shadow imps
  2 oozes
  An adder zombie (D:5)
  An adder skeleton (D:5)
  2 worms (D:2)
  A dart slug (D:1)
  4 leopard geckos
  7 orcs
  2 ball pythons
  6 giant cockroaches
  4 goblins
  11 hobgoblins
  24 jackals
  9 kobolds
  2 quokkas (D:3)
  6 bats
  A frilled lizard (D:4)
  A leopard gecko skeleton (D:4)
  3 rats
128 creatures vanquished.

Vanquished Creatures (others)
  An orc wizard (D:4)
  7 fungi (D:6)
8 creatures vanquished.

Grand Total: 136 creatures vanquished

Notes
Turn   | Place    | Note
-------+----------+-------------------------------------------
     0 | D:1      | Leibowitz the Demigod Gladiator began the quest for the Orb.
     0 | D:1      | Reached XP level 1. HP: 17/17 MP: 3/3
    66 | D:1      | Reached skill level 3 in Polearms
   175 | D:1      | Reached XP level 2. HP: 19/24 MP: 4/4
   715 | D:2      | Noticed Terence
   741 | D:1      | Killed Terence
   741 | D:1      | Reached XP level 3. HP: 10/29 MP: 5/5
  1027 | D:2      | Reached skill level 4 in Polearms
  1236 | D:2      | Found a runed door.
  1240 | D:2      | Noticed Crazy Yiuf
  1257 | D:2      | Killed Crazy Yiuf
  1257 | D:2      | Reached XP level 4. HP: 22/36 MP: 6/6
  1533 | D:2      | Reached skill level 1 in Stealth
  1650 | D:2      | Reached skill level 1 in Armour
  1679 | D:2      | Found a blossoming altar of Fedhas.
  1743 | D:2      | Found a sparkling altar of Nemelex Xobeh.
  1830 | D:2      | Found a snail-covered altar of Cheibriados.
  1830 | D:2      | Found a radiant altar of Vehumet.
  1830 | D:2      | Found a basalt altar of Yredelemnul.
  1831 | D:2      | Found a shattered altar of Ashenzari.
  1832 | D:2      | Found a glowing golden altar of the Shining One.
  1834 | D:2      | Found a glowing silver altar of Zin.
  1835 | D:2      | Found an iron altar of Okawaru.
  2194 | D:3      | Noticed reaperXD's ghost (amateur MiMo)
  2254 | D:3      | Killed reaperXD's ghost
  2254 | D:3      | Reached skill level 5 in Polearms
  2254 | D:3      | Reached XP level 5. HP: 14/41 MP: 7/7
  2666 | D:3      | Reached XP level 6. HP: 48/48 MP: 8/8
  3156 | D:4      | Noticed Zigma's ghost (amateur DrTm)
  3177 | D:4      | Killed Zigma's ghost
  3633 | D:4      | HP: 1/50 [orc wizard/puff of frost (9)]
  4109 | D:4      | Reached skill level 6 in Polearms
  4109 | D:4      | Reached XP level 7. HP: 28/57 MP: 9/9
  4926 | D:5      | Entered Level 5 of the Dungeon
  5582 | D:5      | Reached skill level 7 in Polearms
  5582 | D:5      | Reached XP level 8. HP: 59/66 MP: 10/10
  6544 | D:6      | Noticed a slime creature
  6581 | D:6      | Slain by a slime creature

Vault maps used:
D:1:      dpeg_arrival_chase
D:2:      minitemple, uniq_crazy_yiuf_cottage, uniq_terence
D:3:      first_bread
D:5:      st_stairs_7
D:6:      lemuel_slime, lemuel_round_altar

Skill      XL: |  1  2  3  4  5  6  7  8 |
---------------+-------------------------+-----
Polearms       | 3 4 5 6 7 |  7.8
Dodging        | 3 4 |  4.1
Throwing       | 2 |  2.1
Stealth        | 1 2 |  2.5
Armour         | 1 2 3 |  3.9
Fighting       | 2 3 4 |  4.5

Action                   |  1- 3 |  4- 6 |  7- 9 || total
-------------------------+-------+-------+-------++-------
Melee: Trident           |   103 |   274 |   264 ||   641
Throw: Throwing net      |     5 |     1 |       ||     6
  Use: Potion            |       |     1 |     8 ||     9
       Scroll            |       |       |    13 ||    13
 Stab: Held in net/web   |     8 |       |       ||     8
       Sleeping          |       |     1 |     2 ||     3
       Distracted        |       |       |     2 ||     2
  Eat: Chunk             |     1 |     9 |     8 ||    18
       Fruit             |       |     1 |       ||     1
Armor: Leather armour    |     6 |       |       ||     6
       Ring mail         |    26 |    84 |    67 ||   177
       Skin              |       |       |    14 ||    14
Dodge: Dodged            |    78 |   146 |   128 ||   352
